SAN JOSE vs CALGARY

Created - June 6, 2021 at 08:59

Goals
1 2 3 T
SAN JOSE 1 0 0 1
CALGARY 2 1 2 5
Shots
1 2 3 T
SAN JOSE 12 7 3 22
CALGARY 7 8 15 30

1st period

1. CALGARY , Chris Tierney 14 (Zach Bogosian 14) at 1:05
2. CALGARY , Zach Bogosian 3 (Derick Brassard 10, Brock Boeser 33) at 1:25
3. SAN JOSE , Chris Kreider 23 (Alexander Kerfoot 8) at 2:55

Penalties :
Jaccob Slavin (CGY) for High sticking (Minor) at 14:20

2nd period

4. CALGARY , Blake Coleman 18 (Jaccob Slavin 46, Tyler Bertuzzi 25) at 16:08

Penalties :
Ryan Murray (SJ ) for Diving (Minor) at 9:20

3rd period

5. CALGARY , Mitchell Marner 27 (Jaccob Slavin 47, Matt Nieto 4) at 3:23
6. CALGARY , Mitchell Marner 28 (Elias Pettersson 28) at 10:04

Penalties :
Colin Miller (SJ ) for Hooking (Minor) at 19:13

Goalie Stats

Kevin Lankinen (SJ ), 25 saves from 30 shots - (0.833), L, 2-7-1, 60:00 minutes
Pavel Francouz (CGY), 21 saves from 22 shots - (0.955), W, 38-20-6, 60:00 minutes

Players Stats for SAN JOSE

Player Name              G  A  P  +/- PIM S  H  SB GA TA FO     MP     PP MP  PK MP  
------------------------------------------------------------------------------------
Alexander Kerfoot        0  1  1  -1  0   0  1  0  0  0  2/3    17:48   0:00   0:00 
Cam Atkinson             0  0  0  -1  0   2  0  0  0  0  1/1    21:17   1:09   0:44 
Chris Kreider            1  0  1   0  0   5  3  0  0  0  1/1    24:08   1:09   1:31 
Cody Ceci                0  0  0  -1  0   2  4  2  0  0  0/0    22:46   0:50   1:19 
Colin Miller             0  0  0  -2  2   1  4  1  0  0  0/0    17:11   0:16   0:56 
Colin White              0  0  0   0  0   0  0  0  0  0  0/0     0:50   0:16   0:00 
David Kampf              0  0  0   0  0   0  0  0  0  0  0/0     0:50   0:16   0:00 
Dominic Toninato         0  0  0   0  0   0  0  0  0  0  0/1     0:30   0:00   0:30 
J.T. Brown               0  0  0  -2  0   1  0  0  0  0  0/1    18:04   0:34   0:00 
Kevin Hayes              0  0  0  -1  0   2  0  1  0  0  17/24  22:04   1:09   1:31 
Lias Andersson           0  0  0   0  0   0  0  0  0  0  0/0     0:00   0:00   0:00 
Mikhail Grigorenko       0  0  0   1  0   0  0  0  0  0  0/0     2:46   0:00   0:08 
Nicolas Deslauriers      0  0  0  -2  0   1  3  0  0  0  1/1    15:44   0:00   0:00 
Niklas Hjalmarsson       0  0  0  -1  0   2  3  0  0  0  0/0    22:49   0:50   1:22 
Radek Faksa              0  0  0  -2  0   1  1  0  0  0  9/19   18:48   0:34   0:44 
Ryan Dzingel             0  0  0  -2  0   2  0  0  0  0  6/17   15:44   0:00   0:00 
Ryan Murray              0  0  0  -1  2   1  1  1  0  0  0/0    20:17   1:09   0:30 
TJ Brodie                0  0  0  -1  0   0  1  3  0  0  0/0    21:11   1:09   1:23 
Will Butcher             0  0  0  -2  0   0  1  1  0  0  0/0    16:00   0:00   0:00 
William Carrier          0  0  0  -2  0   2  4  0  0  0  1/1    18:26   0:34   0:22 

Players Stats for CALGARY

Player Name              G  A  P  +/- PIM S  H  SB GA TA FO     MP     PP MP  PK MP  
------------------------------------------------------------------------------------
Anthony Bitetto          0  0  0   1  0   0  0  0  0  0  0/0     7:09   0:00   0:33 
Blake Coleman            1  0  1   0  0   2  3  0  0  0  0/0    19:08   0:00   1:13 
Brock Boeser             0  1  1   2  0   3  0  0  0  0  0/0    16:24   2:00   0:12 
Chris Tierney            1  0  1   2  0   2  0  0  0  0  8/16   15:41   0:00   0:34 
Derick Brassard          0  1  1   3  0   0  7  0  0  0  1/4    17:44   0:00   0:00 
Elias Pettersson         0  1  1   1  0   5  2  0  0  0  7/21   20:00   0:45   0:12 
Jaccob Slavin            0  2  2   3  2   1  1  2  0  0  0/0    24:02   1:14   0:00 
Jake Gardiner            0  0  0   0  0   0  0  0  0  0  0/0    19:10   1:31   0:52 
Jamie Benn               0  0  0   0  0   3  3  0  0  0  14/22  21:08   2:00   1:13 
Joel Kellman             0  0  0   0  0   0  0  0  0  0  1/1     1:29   0:00   0:00 
Markus Nutivaara         0  0  0   1  0   1  2  0  0  0  0/0    16:08   0:00   0:34 
Matt Nieto               0  1  1   1  0   0  0  0  0  0  0/1     3:11   0:00   0:00 
Mikhail Sergachev        0  0  0   2  0   0  2  3  0  0  0/0    18:40   1:14   1:07 
Mitchell Marner          2  0  2   2  0   6  1  1  0  0  0/1    23:33   0:45   0:34 
Patrik Laine             0  0  0   1  0   1  4  0  0  0  0/1    19:48   0:45   0:00 
Rasmus Dahlin            0  0  0   0  0   1  2  3  0  0  0/0    19:16   1:31   0:52 
Tyler Bertuzzi           0  1  1   0  0   3  1  0  0  0  0/2    19:55   2:00   0:00 
Zach Bogosian            1  1  2   1  0   2  4  1  0  0  0/0    15:34   0:00   0:00 

3 Stars

1 - Mitchell Marner (CGY)
2 - Zach Bogosian (CGY)
3 - Derick Brassard (CGY)

Power Play

SAN JOSE - 0 on 1 Attempt(s) - 0.00%
CALGARY - 0 on 2 Attempt(s) - 0.00%

Penalty Kill

SAN JOSE - 2 on 2 Attempt(s) - 100.00% - Score 0 goal in Penalty Kill
CALGARY - 1 on 1 Attempt(s) - 100.00% - Score 0 goal in Penalty Kill

Team Stat

SAN JOSE - Hits : 26 - Faceoff Wins : 38 - Blocked Shots : 9 - Penalty Minutes : 4
CALGARY - Hits : 32 - Faceoff Wins : 31 - Blocked Shots : 10 - Penalty Minutes : 2

Official

Referees : Dylan Bierwirth and Jean Luc Denicourt
Linesman : Steven Walsh and Greg Devorski

Game Notes

No Game Note

Finance

Level 1 -- Attendance: 5965 (99.42%) -- Ticket Income $477,200
Level 2 -- Attendance: 5000 (100.00%) -- Ticket Income $250,000
Level 3 -- Attendance: 1928 (96.40%) -- Ticket Income $57,840
Level 4 -- Attendance: 4000 (100.00%) -- Ticket Income $40,000
Luxury Box -- Attendance: 1000 (100.00%) -- Ticket Income $175,000
Game was played at the Saddledome.
Total Attendance: 17893 (99.41%)
Total Ticket Income: $1,000,040
Total Income: $1,000,040

SAN JOSE

5 vs 5 Forward 
   Center                   Left Wing                Right Wing               Time % Phy DF OF 
 1 Kevin Hayes              Chris Kreider            Cam Atkinson             35     1   2  2  
 2 Radek Faksa              William Carrier          J.T. Brown               30     1   2  2  
 3 Ryan Dzingel             Nicolas Deslauriers      Alexander Kerfoot        25     1   2  2  
 4 Alexander Kerfoot        Mikhail Grigorenko       Chris Kreider            10     1   2  2  

5 vs 5 Defense 
   Defense                  Defense                                           Time % Phy DF OF 
 1 Cody Ceci                Niklas Hjalmarsson                                35     1   2  2  
 2 Ryan Murray              TJ Brodie                                         30     1   2  2  
 3 Will Butcher             Colin Miller                                      25     1   2  2  
 4 Cody Ceci                Niklas Hjalmarsson                                10     1   2  2  

PowerPlay Forward 
   Center                   Left Wing                Right Wing               Time % Phy DF OF 
 1 Kevin Hayes              Chris Kreider            Cam Atkinson             60     1   2  2  
 2 Radek Faksa              William Carrier          J.T. Brown               40     1   2  2  

PowerPlay Defense
   Defense                  Defense                                           Time % Phy DF OF 
 1 Cody Ceci                Niklas Hjalmarsson                                60     1   2  2  
 2 Ryan Murray              TJ Brodie                                         40     1   2  2  

Penalty Kill 4 Players Forward 
   Center                   Wing                     Time % Phy DF OF 
 1 Chris Kreider            Kevin Hayes              60     1   2  2  
 2 Cam Atkinson             Radek Faksa              40     1   2  2  

Penalty Kill 4 Players Defense
   Defense                  Defense                  Time % Phy DF OF 
 1 Cody Ceci                Niklas Hjalmarsson       60     1   2  2  
 2 Ryan Murray              TJ Brodie                40     1   2  2  

Penalty Kill - 3 Players Forward 
   Forward                                           Time % Phy DF OF 
 1 Chris Kreider                                     60     1   2  2  
 2 Kevin Hayes                                       40     1   2  2  

Penalty Kill - 3 Players Defense
   Defense                  Defense                  Time % Phy DF OF 
 1 Cody Ceci                Niklas Hjalmarsson       60     1   2  2  
 2 Ryan Murray              TJ Brodie                40     1   2  2  

4 vs 4 Forward 
   Center                   Wing                     Time % Phy DF OF 
 1 Chris Kreider            Kevin Hayes              60     1   2  2  
 2 Cam Atkinson             Radek Faksa              40     1   2  2  

4 vs 4 Defense
   Defense                  Defense                  Time % Phy DF OF 
 1 Cody Ceci                Niklas Hjalmarsson       60     1   2  2  
 2 Ryan Murray              TJ Brodie                40     1   2  2  

Last Minutes Offensive
   Center                   Left Wing                Right Wing               Defense                  Defense                  
   Kevin Hayes              Chris Kreider            Cam Atkinson             Cody Ceci                Niklas Hjalmarsson       

Last Minutes Defensive
   Center                   Left Wing                Right Wing               Defense                  Defense                  
   Kevin Hayes              Chris Kreider            Cam Atkinson             Cody Ceci                Niklas Hjalmarsson       

Goaltenders
Starting : Kevin Lankinen           
Backup : Andrew Shortridge        

Extra Forwards
Normal : Colin White, David Kampf, Dominic Toninato - PP : Colin White, David Kampf - PK : Dominic Toninato
Extra Defensemen
Normal : Will Butcher, Colin Miller, Ryan Murray - PP : Will Butcher - PK : Colin Miller, Ryan Murray
Penalty Shots
Chris Kreider, Kevin Hayes, Cam Atkinson, Radek Faksa, Ryan Dzingel

Scratches
SJ Cap Hit (Suspend), Zach Sanford (Left Hip Injury), Jake Allen (Suspend)

CALGARY

5 vs 5 Forward 
   Center                   Left Wing                Right Wing               Time % Phy DF OF 
 1 Elias Pettersson         Mitchell Marner          Patrik Laine             35     0   2  3  
 2 Jamie Benn               Tyler Bertuzzi           Blake Coleman            30     0   2  3  
 3 Chris Tierney            Derick Brassard          Brock Boeser             25     0   2  3  
 4 Derick Brassard          Mitchell Marner          Matt Nieto               10     2   3  0  

5 vs 5 Defense 
   Defense                  Defense                                           Time % Phy DF OF 
 1 Jaccob Slavin            Mikhail Sergachev                                 35     1   2  2  
 2 Jake Gardiner            Rasmus Dahlin                                     30     1   2  2  
 3 Zach Bogosian            Markus Nutivaara                                  25     1   2  2  
 4 Anthony Bitetto          Jaccob Slavin                                     10     1   2  2  

PowerPlay Forward 
   Center                   Left Wing                Right Wing               Time % Phy DF OF 
 1 Elias Pettersson         Mitchell Marner          Patrik Laine             60     0   1  4  
 2 Jamie Benn               Tyler Bertuzzi           Brock Boeser             40     0   1  4  

PowerPlay Defense
   Defense                  Defense                                           Time % Phy DF OF 
 1 Jaccob Slavin            Mikhail Sergachev                                 60     0   1  4  
 2 Jake Gardiner            Rasmus Dahlin                                     40     0   1  4  

Penalty Kill 4 Players Forward 
   Center                   Wing                     Time % Phy DF OF 
 1 Jamie Benn               Blake Coleman            60     1   4  0  
 2 Chris Tierney            Mitchell Marner          40     1   4  0  

Penalty Kill 4 Players Defense
   Defense                  Defense                  Time % Phy DF OF 
 1 Jaccob Slavin            Mikhail Sergachev        60     1   4  0  
 2 Jake Gardiner            Rasmus Dahlin            40     1   4  0  

Penalty Kill - 3 Players Forward 
   Forward                                           Time % Phy DF OF 
 1 Chris Tierney                                     60     1   4  0  
 2 Elias Pettersson                                  40     1   4  0  

Penalty Kill - 3 Players Defense
   Defense                  Defense                  Time % Phy DF OF 
 1 Jaccob Slavin            Mikhail Sergachev        60     1   4  0  
 2 Jake Gardiner            Rasmus Dahlin            40     1   4  0  

4 vs 4 Forward 
   Center                   Wing                     Time % Phy DF OF 
 1 Elias Pettersson         Mitchell Marner          60     0   2  3  
 2 Jamie Benn               Patrik Laine             40     0   2  3  

4 vs 4 Defense
   Defense                  Defense                  Time % Phy DF OF 
 1 Jaccob Slavin            Mikhail Sergachev        60     0   2  3  
 2 Brock Boeser             Rasmus Dahlin            40     0   2  3  

Last Minutes Offensive
   Center                   Left Wing                Right Wing               Defense                  Defense                  
   Elias Pettersson         Mitchell Marner          Patrik Laine             Jaccob Slavin            Mikhail Sergachev        

Last Minutes Defensive
   Center                   Left Wing                Right Wing               Defense                  Defense                  
   Elias Pettersson         Mitchell Marner          Patrik Laine             Jaccob Slavin            Mikhail Sergachev        

Goaltenders
Starting : Pavel Francouz           
Backup : Jack Campbell            

Extra Forwards
Normal : Joel Kellman, Chris Tierney, Brock Boeser - PP : Joel Kellman, Chris Tierney - PK : Brock Boeser
Extra Defensemen
Normal : Zach Bogosian, Markus Nutivaara, Anthony Bitetto - PP : Zach Bogosian - PK : Markus Nutivaara, Anthony Bitetto
Penalty Shots
Mitchell Marner, Elias Pettersson, Patrik Laine, Jamie Benn, Blake Coleman

Scratches
Drake Caggiula (Healthy), CGY Cap Hit (Suspend)

% Time on Ice - SAN JOSE

Lines # - Real PCT - Wanted PCT - Time Play
Normal Forward
1 - 35% - 35% - 19:24
2 - 32% - 30% - 17:30
3 - 28% - 25% - 15:44
4 - 5% - 10% - 2:38
Normal Defense
1 - 30% - 35% - 16:39
2 - 34% - 30% - 18:39
3 - 29% - 25% - 16:00
4 - 7% - 10% - 3:58
PP Forward
1 - 58% - 60% - 1:09
2 - 42% - 40% - 0:50
PP Defense
1 - 42% - 60% - 0:50
2 - 58% - 40% - 1:09
PK Forward
1 - 73% - 60% - 2:01
2 - 27% - 40% - 0:44
PK Defense
1 - 48% - 60% - 1:19
2 - 52% - 40% - 1:26
PK3 Forward
1 - 0% - 60%
2 - 0% - 40%
PK3 Defense
1 - 0% - 60%
2 - 0% - 40%
44 Forward
1 - 0% - 60%
2 - 0% - 40%
44 Defense
1 - 0% - 60%
2 - 0% - 40%
Last Minute Offensive  - 0:00
Last Minute Defensive  - 0:00
Total
Forward - 60:00
Defense - 60:00

% Time on Ice - CALGARY

Lines # - Real PCT - Wanted PCT - Time Play
Normal Forward
1 - 34% - 35% - 19:03
2 - 32% - 30% - 17:55
3 - 27% - 25% - 15:07
4 - 6% - 10% - 3:11
Normal Defense
1 - 30% - 35% - 16:19
2 - 30% - 30% - 16:47
3 - 28% - 25% - 15:34
4 - 12% - 10% - 6:36
PP Forward
1 - 27% - 60% - 0:45
2 - 73% - 40% - 2:00
PP Defense
1 - 45% - 60% - 1:14
2 - 55% - 40% - 1:31
PK Forward
1 - 71% - 60% - 1:25
2 - 29% - 40% - 0:34
PK Defense
1 - 56% - 60% - 1:07
2 - 44% - 40% - 0:52
PK3 Forward
1 - 0% - 60%
2 - 0% - 40%
PK3 Defense
1 - 0% - 60%
2 - 0% - 40%
44 Forward
1 - 0% - 60%
2 - 0% - 40%
44 Defense
1 - 0% - 60%
2 - 0% - 40%
Last Minute Offensive  - 0:00
Last Minute Defensive  - 0:00
Total
Forward - 60:00
Defense - 60:00

Play-by-Play

1st period


0:01 of 1st period - Kevin Hayes wins face-off versus Elias Pettersson in neutral zone.
0:01 of 1st period - Kevin Hayes is hit by Patrik Laine.
0:13 of 1st period - Shot by Chris Kreider.
0:13 of 1st period - Shot Blocked by Mitchell Marner.
0:23 of 1st period - Shot by Mitchell Marner.
0:23 of 1st period - Deflect By Elias Pettersson.
0:23 of 1st period - Stopped by Kevin Lankinen with a rebound.
0:25 of 1st period - Shot by Elias Pettersson.
0:25 of 1st period - Shot Blocked by Cody Ceci.
0:59 of 1st period - Off-side.
1:00 of 1st period - Chris Tierney wins face-off versus Ryan Dzingel in neutral zone.
1:05 of 1st period - Shot by Chris Tierney.
1:05 of 1st period - Goal by Chris Tierney - SAN JOSE : 0 - CALGARY : 1.
1:06 of 1st period - Radek Faksa wins face-off versus Chris Tierney in neutral zone.
1:23 of 1st period - Shot by Derick Brassard.
1:23 of 1st period - Shot Blocked by TJ Brodie.
1:25 of 1st period - Shot by Zach Bogosian.
1:25 of 1st period - Goal by Zach Bogosian - SAN JOSE : 0 - CALGARY : 2.
1:26 of 1st period - Jamie Benn wins face-off versus Ryan Dzingel in neutral zone.
1:51 of 1st period - Shot by Ryan Dzingel.
1:51 of 1st period - Stopped by Pavel Francouz without a rebound.
1:52 of 1st period - Derick Brassard wins face-off versus Radek Faksa in CALGARY zone.
2:10 of 1st period - Icing by Cody Ceci.
2:11 of 1st period - Jamie Benn wins face-off versus Radek Faksa in SAN JOSE zone.
2:16 of 1st period - Shot by Tyler Bertuzzi.
2:16 of 1st period - Shot Misses the Net.
2:34 of 1st period - William Carrier is hit by Blake Coleman and loses puck.
2:55 of 1st period - Shot by Chris Kreider.
2:55 of 1st period - Goal by Chris Kreider - SAN JOSE : 1 - CALGARY : 2.
2:56 of 1st period - Chris Tierney wins face-off versus Ryan Dzingel in neutral zone.
3:01 of 1st period - Colin Miller is hit by Derick Brassard and loses puck.
3:16 of 1st period - Shot by Will Butcher.
3:16 of 1st period - Deflect By Ryan Dzingel.
3:16 of 1st period - Shot Blocked by Jaccob Slavin.
4:17 of 1st period - Shot by Cam Atkinson.
4:17 of 1st period - Stopped by Pavel Francouz with a rebound.
5:26 of 1st period - Shot by Patrik Laine.
5:26 of 1st period - Shot Misses the Net.
5:32 of 1st period - Shot by Ryan Dzingel.
5:32 of 1st period - Stopped by Pavel Francouz without a rebound.
5:33 of 1st period - Kevin Hayes wins face-off versus Tyler Bertuzzi in CALGARY zone.
5:33 of 1st period - Kevin Hayes is hit by Zach Bogosian.
5:51 of 1st period - Shot by Jamie Benn.
5:51 of 1st period - Shot Blocked by TJ Brodie.
7:15 of 1st period - Shot by J.T. Brown.
7:15 of 1st period - Shot Misses the Net.
7:17 of 1st period - Shot by Niklas Hjalmarsson.
7:17 of 1st period - Shot Misses the Net.
7:21 of 1st period - Shot by Radek Faksa.
7:21 of 1st period - Stopped by Pavel Francouz without a rebound.
7:22 of 1st period - Ryan Dzingel wins face-off versus Elias Pettersson in CALGARY zone.
7:27 of 1st period - Shot by Nicolas Deslauriers.
7:27 of 1st period - Stopped by Pavel Francouz without a rebound.
7:28 of 1st period - Joel Kellman wins face-off versus Ryan Dzingel in CALGARY zone.
7:28 of 1st period - Mitchell Marner is hit by Nicolas Deslauriers and loses puck.
7:42 of 1st period - Matt Nieto is hit by Colin Miller and loses puck.
9:09 of 1st period - Shot by Chris Kreider.
9:09 of 1st period - Stopped by Pavel Francouz with a rebound.
9:21 of 1st period - Shot by Patrik Laine.
9:21 of 1st period - Shot Blocked by Ryan Murray.
9:33 of 1st period - Shot by Elias Pettersson.
9:33 of 1st period - Shot Misses the Net.
9:36 of 1st period - Icing by TJ Brodie.
9:37 of 1st period - Alexander Kerfoot wins face-off versus Chris Tierney in SAN JOSE zone.
9:37 of 1st period - Alexander Kerfoot is hit by Derick Brassard.
9:48 of 1st period - Icing by Jaccob Slavin.
9:49 of 1st period - Chris Tierney wins face-off versus Radek Faksa in CALGARY zone.
10:15 of 1st period - Icing by Niklas Hjalmarsson.
10:16 of 1st period - Radek Faksa wins face-off versus Elias Pettersson in SAN JOSE zone.
10:27 of 1st period - Shot by Cody Ceci.
10:27 of 1st period - Stopped by Pavel Francouz without a rebound.
10:28 of 1st period - Kevin Hayes wins face-off versus Jamie Benn in CALGARY zone.
10:42 of 1st period - Tyler Bertuzzi is hit by Colin Miller and loses puck.
10:49 of 1st period - Shot by Chris Kreider.
10:49 of 1st period - Shot Hit the Post.
10:51 of 1st period - Shot by Cam Atkinson.
10:51 of 1st period - Shot Misses the Net.
10:53 of 1st period - Shot by Kevin Hayes.
10:53 of 1st period - Shot Misses the Net.
10:55 of 1st period - Shot by Cam Atkinson.
10:55 of 1st period - Shot Blocked by Rasmus Dahlin.
10:57 of 1st period - Shot by Kevin Hayes.
10:57 of 1st period - Shot Misses the Net.
10:59 of 1st period - Shot by Cam Atkinson.
10:59 of 1st period - Shot Misses the Net.
11:01 of 1st period - Shot by Kevin Hayes.
11:01 of 1st period - Stopped by Pavel Francouz without a rebound.
11:02 of 1st period - Alexander Kerfoot wins face-off versus Elias Pettersson in CALGARY zone.
11:16 of 1st period - Icing by Mikhail Sergachev.
11:17 of 1st period - Elias Pettersson wins face-off versus Radek Faksa in CALGARY zone.
11:23 of 1st period - Patrik Laine is hit by TJ Brodie and loses puck.
11:40 of 1st period - Shot by TJ Brodie.
11:40 of 1st period - Shot Misses the Net.
12:08 of 1st period - Icing by Niklas Hjalmarsson.
12:09 of 1st period - Nicolas Deslauriers wins face-off versus Chris Tierney in SAN JOSE zone.
12:23 of 1st period - Shot by Derick Brassard.
12:23 of 1st period - Deflect By Chris Tierney.
12:23 of 1st period - Stopped by Kevin Lankinen without a rebound.
12:24 of 1st period - Jamie Benn wins face-off versus Kevin Hayes in SAN JOSE zone.
12:26 of 1st period - Tyler Bertuzzi is hit by Colin Miller and loses puck.
13:03 of 1st period - Shot by Tyler Bertuzzi.
13:03 of 1st period - Shot Blocked by Colin Miller.
13:17 of 1st period - Shot by Brock Boeser.
13:17 of 1st period - Shot Misses the Net.
13:27 of 1st period - Shot by Brock Boeser.
13:27 of 1st period - Stopped by Kevin Lankinen without a rebound.
13:28 of 1st period - Ryan Dzingel wins face-off versus Elias Pettersson in SAN JOSE zone.
13:28 of 1st period - Ryan Dzingel is hit by Patrik Laine.
13:37 of 1st period - Icing by Jaccob Slavin.
13:38 of 1st period - Elias Pettersson wins face-off versus Radek Faksa in CALGARY zone.
14:20 of 1st period - Minor Penalty to Jaccob Slavin for High sticking.
14:21 of 1st period - Jamie Benn wins face-off versus Kevin Hayes in CALGARY zone.
14:38 of 1st period - Shot by Chris Kreider.
14:38 of 1st period - Shot Misses the Net.
15:12 of 1st period - Shot by Radek Faksa.
15:12 of 1st period - Shot Misses the Net.
15:14 of 1st period - Shot by Niklas Hjalmarsson.
15:14 of 1st period - Stopped by Pavel Francouz with a rebound.
15:16 of 1st period - Shot by Niklas Hjalmarsson.
15:16 of 1st period - Shot Misses the Net.
15:18 of 1st period - Shot by Cody Ceci.
15:18 of 1st period - Shot Misses the Net.
15:20 of 1st period - Shot by Radek Faksa.
15:20 of 1st period - Shot Misses the Net.
15:22 of 1st period - Shot by Cody Ceci.
15:22 of 1st period - Stopped by Pavel Francouz with a rebound.
15:24 of 1st period - Shot by Radek Faksa.
15:24 of 1st period - Shot Misses the Net.
15:46 of 1st period - Anthony Bitetto is hit by Chris Kreider and loses puck.
15:57 of 1st period - Shot by Ryan Murray.
15:57 of 1st period - Shot Blocked by Mikhail Sergachev.
15:59 of 1st period - Shot by Ryan Murray.
15:59 of 1st period - Shot Misses the Net.
16:30 of 1st period - Shot by Derick Brassard.
16:30 of 1st period - Shot Misses the Net.
16:32 of 1st period - Shot by Mitchell Marner.
16:32 of 1st period - Stopped by Kevin Lankinen without a rebound.
16:33 of 1st period - Ryan Dzingel wins face-off versus Derick Brassard in SAN JOSE zone.
16:50 of 1st period - Shot by Brock Boeser.
16:50 of 1st period - Stopped by Kevin Lankinen with a rebound.
16:52 of 1st period - Shot by Brock Boeser.
16:52 of 1st period - Shot Misses the Net.
17:16 of 1st period - Icing by Chris Tierney.
17:17 of 1st period - Chris Tierney wins face-off versus Radek Faksa in CALGARY zone.
17:46 of 1st period - Shot by William Carrier.
17:46 of 1st period - Stopped by Pavel Francouz without a rebound.
17:47 of 1st period - Kevin Hayes wins face-off versus Jamie Benn in CALGARY zone.
17:47 of 1st period - Kevin Hayes is hit by Mikhail Sergachev.
18:09 of 1st period - Shot by Kevin Hayes.
18:09 of 1st period - Shot Blocked by Mikhail Sergachev.
18:46 of 1st period - Ryan Dzingel is hit by Zach Bogosian and loses puck.
Goals for this period are 1 for SAN JOSE vs 2 for CALGARY.
Shots for this period are 12 for SAN JOSE vs 7 for CALGARY.

2nd period


0:01 of 2nd period - Kevin Hayes wins face-off versus Elias Pettersson in neutral zone.
0:01 of 2nd period - Kevin Hayes is hit by Elias Pettersson.
0:41 of 2nd period - Cody Ceci is hit by Elias Pettersson and loses puck.
2:24 of 2nd period - Markus Nutivaara is hit by Will Butcher and loses puck.
4:07 of 2nd period - Shot by Nicolas Deslauriers.
4:07 of 2nd period - Shot Blocked by Rasmus Dahlin.
4:29 of 2nd period - Shot by Tyler Bertuzzi.
4:29 of 2nd period - Stopped by Kevin Lankinen without a rebound.
4:30 of 2nd period - Radek Faksa wins face-off versus Chris Tierney in SAN JOSE zone.
5:01 of 2nd period - J.T. Brown is hit by Derick Brassard and loses puck.
5:31 of 2nd period - Icing by Kevin Hayes.
5:32 of 2nd period - Kevin Hayes wins face-off versus Jamie Benn in SAN JOSE zone.
5:34 of 2nd period - Cam Atkinson is hit by Jamie Benn and loses puck.
5:38 of 2nd period - Cam Atkinson is hit by Rasmus Dahlin and loses puck.
5:43 of 2nd period - Shot by Kevin Hayes.
5:43 of 2nd period - Stopped by Pavel Francouz without a rebound.
5:44 of 2nd period - Elias Pettersson wins face-off versus Ryan Dzingel in CALGARY zone.
6:17 of 2nd period - Icing by Niklas Hjalmarsson.
6:18 of 2nd period - Jamie Benn wins face-off versus Ryan Dzingel in SAN JOSE zone.
6:18 of 2nd period - Rasmus Dahlin is hit by Niklas Hjalmarsson and loses puck.
6:29 of 2nd period - Shot by Ryan Dzingel.
6:29 of 2nd period - Shot Misses the Net.
6:36 of 2nd period - Icing by Rasmus Dahlin.
6:37 of 2nd period - Kevin Hayes wins face-off versus Jamie Benn in CALGARY zone.
6:38 of 2nd period - Shot by Chris Kreider.
6:38 of 2nd period - Stopped by Pavel Francouz without a rebound.
6:39 of 2nd period - Kevin Hayes wins face-off versus Matt Nieto in CALGARY zone.
6:59 of 2nd period - Icing by Jaccob Slavin.
7:00 of 2nd period - Radek Faksa wins face-off versus Derick Brassard in CALGARY zone.
7:00 of 2nd period - Will Butcher is hit by Jaccob Slavin and loses puck.
7:27 of 2nd period - Shot by Radek Faksa.
7:27 of 2nd period - Shot Blocked by Mikhail Sergachev.
7:56 of 2nd period - Blake Coleman is hit by Niklas Hjalmarsson and loses puck.
8:34 of 2nd period - Icing by Mitchell Marner.
8:35 of 2nd period - Ryan Dzingel wins face-off versus Elias Pettersson in CALGARY zone.
9:19 of 2nd period - Mitchell Marner is hit by Ryan Murray.
9:20 of 2nd period - Minor Penalty to Ryan Murray for Diving.
9:21 of 2nd period - Chris Kreider wins face-off versus Jamie Benn in SAN JOSE zone.
9:21 of 2nd period - Chris Kreider is hit by Jamie Benn.
10:37 of 2nd period - Icing by Elias Pettersson.
10:38 of 2nd period - Cam Atkinson wins face-off versus Elias Pettersson in CALGARY zone.
10:51 of 2nd period - Shot by Elias Pettersson.
10:51 of 2nd period - Deflect By Patrik Laine.
10:51 of 2nd period - Shot Misses the Net.
11:19 of 2nd period - Colin Miller is hit by Tyler Bertuzzi and loses puck.
11:54 of 2nd period - Chris Tierney is hit by Alexander Kerfoot and loses puck.
12:09 of 2nd period - Ryan Murray is hit by Derick Brassard and loses puck.
12:20 of 2nd period - Shot by Jamie Benn.
12:20 of 2nd period - Shot Misses the Net.
12:22 of 2nd period - Shot by Tyler Bertuzzi.
12:22 of 2nd period - Stopped by Kevin Lankinen without a rebound.
12:23 of 2nd period - Jamie Benn wins face-off versus Kevin Hayes in SAN JOSE zone.
12:23 of 2nd period - Blake Coleman is hit by Cody Ceci and loses puck.
13:12 of 2nd period - Jamie Benn is hit by Radek Faksa.
13:18 of 2nd period - Shot by Radek Faksa.
13:18 of 2nd period - Shot Blocked by Jaccob Slavin.
13:30 of 2nd period - Ryan Murray is hit by Jamie Benn and loses puck.
13:40 of 2nd period - Icing by Radek Faksa.
13:41 of 2nd period - Radek Faksa wins face-off versus Elias Pettersson in SAN JOSE zone.
14:38 of 2nd period - Shot by Cam Atkinson.
14:38 of 2nd period - Stopped by Pavel Francouz with a rebound.
14:40 of 2nd period - Shot by Niklas Hjalmarsson.
14:40 of 2nd period - Stopped by Pavel Francouz without a rebound.
14:41 of 2nd period - Kevin Hayes wins face-off versus Chris Tierney in CALGARY zone.
14:41 of 2nd period - Kevin Hayes is hit by Markus Nutivaara.
14:44 of 2nd period - Chris Kreider is hit by Markus Nutivaara and loses puck.
14:57 of 2nd period - Cam Atkinson is hit by Zach Bogosian and loses puck.
15:08 of 2nd period - Shot by Cam Atkinson.
15:08 of 2nd period - Shot Misses the Net.
15:10 of 2nd period - Shot by Niklas Hjalmarsson.
15:10 of 2nd period - Shot Misses the Net.
15:12 of 2nd period - Shot by Cam Atkinson.
15:12 of 2nd period - Shot Blocked by Zach Bogosian.
15:40 of 2nd period - Shot by Ryan Murray.
15:40 of 2nd period - Stopped by Pavel Francouz without a rebound.
15:41 of 2nd period - Jamie Benn wins face-off versus Ryan Dzingel in CALGARY zone.
16:04 of 2nd period - Shot by Tyler Bertuzzi.
16:04 of 2nd period - Shot Misses the Net.
16:06 of 2nd period - Shot by Jaccob Slavin.
16:06 of 2nd period - Shot Blocked by Will Butcher.
16:08 of 2nd period - Shot by Blake Coleman.
16:08 of 2nd period - Goal by Blake Coleman - SAN JOSE : 1 - CALGARY : 3.
16:09 of 2nd period - William Carrier wins face-off versus Patrik Laine in neutral zone.
16:27 of 2nd period - Shot by Elias Pettersson.
16:27 of 2nd period - Shot Misses the Net.
16:29 of 2nd period - Shot by Elias Pettersson.
16:29 of 2nd period - Stopped by Kevin Lankinen without a rebound.
16:30 of 2nd period - Kevin Hayes wins face-off versus Derick Brassard in SAN JOSE zone.
16:30 of 2nd period - Ryan Murray is hit by Derick Brassard and loses puck.
16:45 of 2nd period - Shot by Derick Brassard.
16:45 of 2nd period - Shot Misses the Net.
17:34 of 2nd period - Shot by Jamie Benn.
17:34 of 2nd period - Shot Blocked by TJ Brodie.
17:36 of 2nd period - Shot by Rasmus Dahlin.
17:36 of 2nd period - Stopped by Kevin Lankinen without a rebound.
17:37 of 2nd period - Radek Faksa wins face-off versus Elias Pettersson in SAN JOSE zone.
17:37 of 2nd period - Radek Faksa is hit by Patrik Laine.
17:51 of 2nd period - Shot by William Carrier.
17:51 of 2nd period - Stopped by Pavel Francouz without a rebound.
17:52 of 2nd period - Jamie Benn wins face-off versus Ryan Dzingel in CALGARY zone.
17:52 of 2nd period - Blake Coleman is hit by Nicolas Deslauriers and loses puck.
18:02 of 2nd period - Blake Coleman is hit by Colin Miller and loses puck.
18:16 of 2nd period - Icing by Will Butcher.
18:17 of 2nd period - Chris Tierney wins face-off versus Ryan Dzingel in SAN JOSE zone.
18:20 of 2nd period - Shot by Brock Boeser.
18:20 of 2nd period - Shot Misses the Net.
18:22 of 2nd period - Shot by Brock Boeser.
18:22 of 2nd period - Stopped by Kevin Lankinen without a rebound.
18:23 of 2nd period - Elias Pettersson wins face-off versus Radek Faksa in SAN JOSE zone.
18:23 of 2nd period - Patrik Laine is hit by Cody Ceci and loses puck.
18:30 of 2nd period - Shot by Mitchell Marner.
18:30 of 2nd period - Stopped by Kevin Lankinen without a rebound.
18:31 of 2nd period - Kevin Hayes wins face-off versus Elias Pettersson in SAN JOSE zone.
18:31 of 2nd period - Kevin Hayes is hit by Mitchell Marner.
18:39 of 2nd period - Shot by Chris Kreider.
18:39 of 2nd period - Stopped by Pavel Francouz without a rebound.
18:40 of 2nd period - Elias Pettersson wins face-off versus Radek Faksa in CALGARY zone.
18:53 of 2nd period - Shot by Patrik Laine.
18:53 of 2nd period - Shot Blocked by Cody Ceci.
18:59 of 2nd period - Shot by Elias Pettersson.
18:59 of 2nd period - Stopped by Kevin Lankinen without a rebound.
19:00 of 2nd period - Jamie Benn wins face-off versus Alexander Kerfoot in SAN JOSE zone.
19:57 of 2nd period - Chris Kreider is hit by Mikhail Sergachev and loses puck.
Goals for this period are 0 for SAN JOSE vs 1 for CALGARY.
Shots for this period are 7 for SAN JOSE vs 8 for CALGARY.

3rd period


0:01 of 3rd period - Kevin Hayes wins face-off versus Elias Pettersson in neutral zone.
0:07 of 3rd period - Patrik Laine is hit by Chris Kreider and loses puck.
0:20 of 3rd period - Shot by Mitchell Marner.
0:20 of 3rd period - Stopped by Kevin Lankinen without a rebound.
0:21 of 3rd period - Chris Tierney wins face-off versus Radek Faksa in SAN JOSE zone.
0:34 of 3rd period - Shot by Radek Faksa.
0:34 of 3rd period - Shot Blocked by Rasmus Dahlin.
1:04 of 3rd period - Rasmus Dahlin is hit by William Carrier and loses puck.
2:19 of 3rd period - Shot by Jamie Benn.
2:19 of 3rd period - Shot Misses the Net.
3:23 of 3rd period - Shot by Mitchell Marner.
3:23 of 3rd period - Goal by Mitchell Marner - SAN JOSE : 1 - CALGARY : 4.
3:24 of 3rd period - Kevin Hayes wins face-off versus Elias Pettersson in neutral zone.
3:42 of 3rd period - Elias Pettersson is hit by Cody Ceci and loses puck.
3:46 of 3rd period - Icing by Niklas Hjalmarsson.
3:47 of 3rd period - Jamie Benn wins face-off versus Kevin Hayes in SAN JOSE zone.
3:47 of 3rd period - Jamie Benn is hit by Cody Ceci.
3:51 of 3rd period - Shot by Jamie Benn.
3:51 of 3rd period - Deflect By Tyler Bertuzzi.
3:51 of 3rd period - Stopped by Kevin Lankinen with a rebound.
3:53 of 3rd period - Shot by Blake Coleman.
3:53 of 3rd period - Stopped by Kevin Lankinen without a rebound.
3:54 of 3rd period - Jamie Benn wins face-off versus Ryan Dzingel in SAN JOSE zone.
4:03 of 3rd period - Shot by Jamie Benn.
4:03 of 3rd period - Shot Misses the Net.
4:05 of 3rd period - Shot by Jamie Benn.
4:05 of 3rd period - Shot Misses the Net.
4:07 of 3rd period - Shot by Jamie Benn.
4:07 of 3rd period - Stopped by Kevin Lankinen without a rebound.
4:08 of 3rd period - Kevin Hayes wins face-off versus Chris Tierney in SAN JOSE zone.
4:08 of 3rd period - Kevin Hayes is hit by Derick Brassard.
4:31 of 3rd period - Shot by Chris Tierney.
4:31 of 3rd period - Shot Blocked by Kevin Hayes.
4:33 of 3rd period - Shot by Mikhail Sergachev.
4:33 of 3rd period - Shot Misses the Net.
4:37 of 3rd period - Shot by Derick Brassard.
4:37 of 3rd period - Shot Misses the Net.
5:21 of 3rd period - Shot by William Carrier.
5:21 of 3rd period - Shot Misses the Net.
6:28 of 3rd period - Shot by Mitchell Marner.
6:28 of 3rd period - Stopped by Kevin Lankinen with a rebound.
6:38 of 3rd period - Shot by Mitchell Marner.
6:38 of 3rd period - Shot Misses the Net.
6:40 of 3rd period - Shot by Markus Nutivaara.
6:40 of 3rd period - Stopped by Kevin Lankinen with a rebound.
6:42 of 3rd period - Shot by Markus Nutivaara.
6:42 of 3rd period - Shot Misses the Net.
6:44 of 3rd period - Shot by Zach Bogosian.
6:44 of 3rd period - Stopped by Kevin Lankinen without a rebound.
6:45 of 3rd period - Chris Tierney wins face-off versus Kevin Hayes in SAN JOSE zone.
6:55 of 3rd period - Icing by Cody Ceci.
6:56 of 3rd period - Kevin Hayes wins face-off versus Chris Tierney in SAN JOSE zone.
6:58 of 3rd period - Icing by Chris Kreider.
6:59 of 3rd period - Kevin Hayes wins face-off versus Chris Tierney in SAN JOSE zone.
7:18 of 3rd period - Shot by Kevin Hayes.
7:18 of 3rd period - Shot Misses the Net.
7:38 of 3rd period - Shot by Chris Kreider.
7:38 of 3rd period - Stopped by Pavel Francouz with a rebound.
7:44 of 3rd period - Cody Ceci is hit by Derick Brassard and loses puck.
8:11 of 3rd period - Shot by Elias Pettersson.
8:11 of 3rd period - Stopped by Kevin Lankinen without a rebound.
8:12 of 3rd period - Ryan Dzingel wins face-off versus Jamie Benn in SAN JOSE zone.
8:59 of 3rd period - Icing by Blake Coleman.
9:00 of 3rd period - Radek Faksa wins face-off versus Jamie Benn in CALGARY zone.
9:19 of 3rd period - Ryan Murray is hit by Zach Bogosian and loses puck.
9:23 of 3rd period - Icing by Zach Bogosian.
9:24 of 3rd period - Jamie Benn wins face-off versus Kevin Hayes in CALGARY zone.
10:02 of 3rd period - Shot by Elias Pettersson.
10:02 of 3rd period - Shot Misses the Net.
10:04 of 3rd period - Shot by Mitchell Marner.
10:04 of 3rd period - Goal by Mitchell Marner - SAN JOSE : 1 - CALGARY : 5.
10:05 of 3rd period - Chris Tierney wins face-off versus Radek Faksa in neutral zone.
10:05 of 3rd period - Chris Tierney is hit by William Carrier.
10:35 of 3rd period - Shot by Brock Boeser.
10:35 of 3rd period - Shot Misses the Net.
11:07 of 3rd period - Will Butcher is hit by Patrik Laine and loses puck.
11:20 of 3rd period - Shot by Patrik Laine.
11:20 of 3rd period - Shot Misses the Net.
11:22 of 3rd period - Shot by Elias Pettersson.
11:22 of 3rd period - Stopped by Kevin Lankinen without a rebound.
11:23 of 3rd period - Kevin Hayes wins face-off versus Jamie Benn in SAN JOSE zone.
11:23 of 3rd period - Cam Atkinson is hit by Blake Coleman and loses puck.
12:11 of 3rd period - Shot by Jaccob Slavin.
12:11 of 3rd period - Stopped by Kevin Lankinen with a rebound.
13:00 of 3rd period - Rasmus Dahlin is hit by Chris Kreider and loses puck.
14:26 of 3rd period - Shot by Jamie Benn.
14:26 of 3rd period - Stopped by Kevin Lankinen without a rebound.
14:27 of 3rd period - Radek Faksa wins face-off versus Elias Pettersson in SAN JOSE zone.
14:48 of 3rd period - Off-side.
14:49 of 3rd period - Ryan Dzingel wins face-off versus Tyler Bertuzzi in neutral zone.
14:52 of 3rd period - Shot by Colin Miller.
14:52 of 3rd period - Stopped by Pavel Francouz without a rebound.
14:53 of 3rd period - Jamie Benn wins face-off versus Ryan Dzingel in CALGARY zone.
14:53 of 3rd period - Jamie Benn is hit by Nicolas Deslauriers.
16:04 of 3rd period - Icing by Markus Nutivaara.
16:05 of 3rd period - Elias Pettersson wins face-off versus Kevin Hayes in CALGARY zone.
16:16 of 3rd period - Shot by Patrik Laine.
16:16 of 3rd period - Stopped by Kevin Lankinen with a rebound.
16:47 of 3rd period - Chris Kreider is hit by Rasmus Dahlin and loses puck.
16:55 of 3rd period - Jake Gardiner is hit by Niklas Hjalmarsson and loses puck.
17:33 of 3rd period - Niklas Hjalmarsson is hit by Blake Coleman and loses puck.
17:48 of 3rd period - Shot by Tyler Bertuzzi.
17:48 of 3rd period - Deflect By Jamie Benn.
17:48 of 3rd period - Stopped by Kevin Lankinen without a rebound.
17:49 of 3rd period - Radek Faksa wins face-off versus Mitchell Marner in SAN JOSE zone.
17:54 of 3rd period - Shot by William Carrier.
17:54 of 3rd period - Deflect By J.T. Brown.
17:54 of 3rd period - Stopped by Pavel Francouz without a rebound.
17:55 of 3rd period - Elias Pettersson wins face-off versus J.T. Brown in CALGARY zone.
17:55 of 3rd period - Elias Pettersson is hit by William Carrier.
17:58 of 3rd period - Jaccob Slavin is hit by William Carrier and loses puck.
18:17 of 3rd period - Shot by Elias Pettersson.
18:17 of 3rd period - Shot Misses the Net.
19:13 of 3rd period - Minor Penalty to Colin Miller for Hooking.
19:14 of 3rd period - Jamie Benn wins face-off versus Dominic Toninato in SAN JOSE zone.
Goals for this period are 0 for SAN JOSE vs 2 for CALGARY.
Shots for this period are 3 for SAN JOSE vs 15 for CALGARY.